 Dungeon Crawl Stone Soup version 0.17-a0-1510-gb3fb22e (webtiles) character file.

1670 Fluffy the Skirmisher (level 8, -3/64 HPs)
             Began as a Demonspawn Gladiator on July 11, 2015.
             Was a Believer of Makhleb.
             Slain by Fluffy's ghost (6 damage)
             ... on level 5 of the Dungeon.
             The game lasted 00:17:17 (6720 turns).

Fluffy the Skirmisher (Demonspawn Gladiator)        Turns: 6720, Time: 00:17:17

Health: -3/64      AC: 17    Str: 18    XL:     8   Next: 69%
Magic:  20/20      EV:  3    Int:  9    God:    Makhleb [**....]
Gold:   498        SH:  0    Dex: 14    Spells: 0 memorised, 7 levels left

rFire  . . .     SeeInvis .     a - +0 long sword
rCold  + . .     Clarity  .     l - +0 chain mail
rNeg   . . .     SustAt   .     (no shield)
rPois  .         Gourm    .     n - +1 helmet
rElec  .         Spirit   .     (no cloak)
rCorr  .         Warding  .     (no gloves)
rMut   .         Stasis   .     h - +1 pair of boots
MR     .....                    (no amulet)
Stlth  ..........               r - ring of magical power
                                k - ring of protection from cold

@: not resistant to hostile enchantments, extremely unstealthy
A: talons 1, icy blue scales 2, nightstalker 1, spiny 1
a: Minor Destruction, Renounce Religion


You were on level 5 of the Dungeon.
You worshipped Makhleb.
Makhleb was pleased with you.
You were not hungry.

You visited 2 branches of the dungeon, and saw 6 of its levels.
You also visited: Sewer.

You collected 498 gold pieces.

Inventory:

Hand weapons
 a - a +0 long sword (weapon)
Missiles
 d - 3 throwing nets (quivered)
Armour
 h - a +1 pair of boots (worn)
 l - a +0 chain mail (worn)
 n - a +1 helmet (worn)
Jewellery
 k - a ring of protection from cold (left hand)
 r - a ring of magical power (right hand)
Magical devices
 v - a wand of magic darts (5)
Scrolls
 c - a scroll of remove curse
Potions
 b - 2 potions of haste
 f - 6 potions of lignification
 j - a potion of agility
 m - 3 potions of cancellation
 o - a potion of heal wounds {unknown}
 p - a potion of berserk rage {unknown}
 s - a potion of poison {unknown}
 t - a potion of ambrosia {unknown}
Books
 q - a book of Battle

   Spells                             Type                      Level
   a - Infusion                       Charms                       1
   b - Shroud of Golubria             Charms/Translocation         2
   c - Song of Slaying                Charms                       2
   d - Spectral Weapon                Hexes/Charms                 3
   e - Regeneration                   Charms/Necromancy            3
Comestibles
 e - 5 bread rations
 g - 2 royal jellies
 i - 3 meat rations
 u - a beef jerky


   Skills:
 + Level 5.6 Fighting
 + Level 5.6 Long Blades
 - Level 1.7 Throwing
 + Level 4.6 Armour
 + Level 5.2 Dodging
 + Level 4.4 Invocations


You had 7 spell levels left.
You didn't know any spells.

Dungeon Overview and Level Annotations

Branches:
Dungeon (5/15)             Temple (1/1) D:5

Altars:
Ashenzari
Elyvilon
Fedhas
Gozag
Kikubaaqudgha
Makhleb
Nemelex Xobeh
Sif Muna
Trog
Yredelemnul
Zin
The Shining One

Shops:
D:4 ?

Annotations:
D:5 Fluffy's ghost, experienced DsGl


Innate Abilities, Weirdness & Mutations

You have sharp toenails.
You are mostly covered in icy blue scales (AC +3, EV -1).
You are slightly more attuned to the shadows.
You are partially covered in sharp spines.


Message History

You closely miss Fluffy's ghost.
Fluffy's ghost is severely damaged.
Fluffy's ghost hits you!
* * * LOW HITPOINT WARNING * * *
You hit Fluffy's ghost.
Fluffy's ghost is severely damaged.
Fluffy's ghost is struck by your spines.
Fluffy's ghost hits you but does no damage.
You closely miss Fluffy's ghost.
Fluffy's ghost is severely damaged.
Fluffy's ghost is struck by your spines.
Fluffy's ghost barely misses you. Fluffy's ghost hits you.
* * * LOW HITPOINT WARNING * * *
You hit Fluffy's ghost but do no damage.
Fluffy's ghost is almost destroyed.
Fluffy's ghost hits you.
* * * LOW HITPOINT WARNING * * *
Fluffy's ghost is struck by your spines.
Fluffy's ghost hits you.
You die...

#.#.##..#.#...###.#
'........>...####.####
#.####..#.#..........#
#......#...#.####.####
######............# #
##...##.###### #
#...##.....# #
###.##.###W######### #
#.##.# #@........#
#########.##.#
#.#######.#
##........##.# #.# #.#
.............###.#####
#.#
##.####[####.........#
#.# #.#
#.########.#######.#
#.####..................#
#......################.#
######## #.#


You could see Fluffy's ghost.

Vanquished Creatures
  Purgy (Sewer)
  A sky beast (D:5)
  An ogre (D:5)
  A gnoll sergeant (D:5)
  A giant frog (D:5)
  A water moccasin skeleton (D:5)
  3 crimson imps (D:5)
  3 orc priests
  A giant frog zombie (D:5)
  2 hounds (D:5)
  Ijyb (D:3)
  7 gnoll shamans (D:5)
  An orc wizard (D:4)
  2 iguanas
  5 worker ants
  A hound zombie (D:4)
  A worker ant zombie (D:5)
  29 gnolls (D:5)
  4 adders
  A river rat (D:3)
  3 oozes
  A worm (D:3)
  2 adder skeletons (D:5)
  16 orcs
  16 goblins
  9 hobgoblins
  15 kobolds
  2 ball pythons
  17 bats
  4 giant cockroaches
  7 giant geckos
  2 giant gecko skeletons (D:5)
  7 giant newts
  22 jackals
  A quokka (D:2)
  A quokka skeleton (D:4)
  11 rats
203 creatures vanquished.

Notes
Turn   | Place    | Note
--------------------------------------------------------------
     0 | D:1      | Fluffy the Demonspawn Gladiator began the quest for the Orb.
     0 | D:1      | Reached XP level 1. HP: 16/16 MP: 1/1
   227 | D:1      | Gained mutation: You are partially covered in icy blue scales (AC +1). [demonic ancestry]
   227 | D:1      | Reached XP level 2. HP: 12/22 MP: 2/2
   629 | D:1      | Reached skill level 1 in Armour
   875 | D:1      | Reached XP level 3. HP: 20/28 MP: 3/3
  1314 | D:2      | Reached skill level 3 in Dodging
  1462 | D:2      | Found an ancient bone altar of Kikubaaqudgha.
  2136 | D:3      | Gained mutation: You are mostly covered in icy blue scales (AC +3, EV -1). [demonic ancestry]
  2136 | D:3      | Reached XP level 4. HP: 30/34 MP: 4/4
  2179 | D:3      | Noticed Ijyb
  2196 | D:3      | Killed Ijyb
  2433 | D:3      | Gained mutation: You are slightly more attuned to the shadows. [demonic ancestry]
  2433 | D:3      | Reached XP level 5. HP: 35/41 MP: 5/5
  2508 | D:3      | Found a glowing drain.
  2512 | Sewer    | Entered a sewer
  2602 | Sewer    | Noticed Purgy
  2616 | Sewer    | Killed Purgy
  3135 | D:4      | Reached XP level 6. HP: 30/47 MP: 6/6
  3294 | D:4      | Found Jiow's Magic Scroll Shop.
  3321 | D:4      | Reached skill level 4 in Long Blades
  3742 | D:4      | Found a white marble altar of Elyvilon.
  3760 | D:4      | Found a glowing golden altar of the Shining One.
  3762 | D:4      | Found a glowing silver altar of Zin.
  4092 | D:5      | Entered Level 5 of the Dungeon
  4100 | D:5      | Found a staircase to the Ecumenical Temple.
  4114 | Temple   | Entered the Ecumenical Temple
  4120 | Temple   | Became a worshipper of Makhleb the Destroyer
  4329 | D:5      | Reached skill level 1 in Invocations
  4329 | D:5      | Gained mutation: You are partially covered in sharp spines. [demonic ancestry]
  4329 | D:5      | Reached XP level 7. HP: 38/54 MP: 7/7
  4839 | D:5      | Acquired Makhleb's first power
  5212 | D:5      | Gained mutation: You have sharp toenails. [demonic ancestry]
  5212 | D:5      | Reached XP level 8. HP: 61/61 MP: 10/10
  5215 | D:5      | Reached skill level 5 in Long Blades
  5324 | D:5      | Acquired Makhleb's second power
  5377 | D:5      | Noticed Fluffy's ghost (experienced DsGl)
  5378 | D:5      | Reached skill level 5 in Fighting
  6060 | D:5      | Reached skill level 5 in Dodging
  6143 | D:5      | HP: 2/63 [Fluffy's ghost (12)]
  6719 | D:5      | HP: 3/64 [Fluffy's ghost (5)]
  6720 | D:5      | Slain by Fluffy's ghost

Vault maps used:
D:1:      lemuel_arrival_room, hangedman_decor_growths, hangedman_glass_teeth
D:2:      kiku_gazebo_pond_becter
D:3:      kennysheep_goblin_castle, gup_sewer_entry_bowl
D:4:      good_gods_mini_temple, serial_shops, shop, first_bread
D:5:      lemuel_castle_with_subvaults, minmay_temple_entry_crystal_x
Temple:   circular_temple_pool_8
Sewer:    sewer_big_baddie

Action                   |  1- 3 |  4- 6 |  7- 9 || total
-------------------------+-------+-------+-------++-------
Melee: Long sword        |   148 |   358 |   291 ||   797
Throw: Throwing net      |       |     2 |       ||     2
Evoke: Wand              |       |       |     6 ||     6
  Use: Scroll            |     7 |     6 |     2 ||    15
       Potion            |       |       |     1 ||     1
 Stab: Sleeping          |     2 |       |       ||     2
  Eat: Chunk             |     4 |     8 |     8 ||    20
